[ PARTIDA AOE2 · #477607714 ]
Team EWMagiares vs Burmese
[ ANÁLISIS DE REPETICIÓN · EXTRAÍDO DE LA PARTIDA GRABADA ]
Feudal
—
Castillos
15:19
Imperial
—
| APM promedio | 36.8 |
| APM pico | 69 |
| eAPM promedio | 12.9 |
| Aldeanos / militares | 10 / 33 |
Foco
⚔️ 35.2% · 🌾 64.8%
Scout Cavalry ×33
Feudal
—
Castillos
8:51
Imperial
—
| APM promedio | 41.0 |
| APM pico | 86 |
| eAPM promedio | 19.0 |
| Aldeanos / militares | 35 / 57 |
Foco
⚔️ 33.6% · 🌾 66.4%
Archer ×34 · Skirmisher ×10 · Eagle Scout ×6 · Scorpion ×4 · Spearman ×3
Feudal
—
Castillos
12:43
Imperial
—
| APM promedio | 43.1 |
| APM pico | 64 |
| eAPM promedio | 21.4 |
| Aldeanos / militares | 27 / 68 |
Foco
⚔️ 54.4% · 🌾 45.6%
Archer ×53 · Spearman ×15
Feudal
—
Castillos
13:17
Imperial
—
| APM promedio | 8.3 |
| APM pico | 15 |
| eAPM promedio | 6.8 |
| Aldeanos / militares | 22 / 55 |
Foco
⚔️ 30.7% · 🌾 69.3%
Skirmisher ×26 · Archer ×12 · Spearman ×10 · Militia ×5 · Monk ×2
Mapa de la partida
Recursos iniciales + cada clic de construcción. Líneas = muros · curvas = relieve. ◆ oro · ⬟ piedra · ● bayas · ✦ reliquia · ◌ hueco del cierre
Inputs por minuto
— Canek - - SolomonKane
Build order — Canek
90 acciones detectadas en el replay
| 0:18 | Crear | Villager (Male) |
| 0:18 | Crear | Villager (Male) |
| 0:39 | Construir | House |
| 1:04 | Construir | Stable |
| 1:07 | Construir | Palisade Wall |
| 1:14 | Construir | Palisade Wall |
| 1:16 | Construir | Building 796 |
| 1:31 | Crear | Villager (Male) |
| 1:31 | Crear | Villager (Male) |
| 1:54 | Crear | Scout Cavalry |
| 2:00 | Construir | Stable |
| 2:04 | Construir | Palisade Gate |
| 2:28 | Crear | Scout Cavalry |
| 2:35 | Investigar | Scale Barding Armor |
| 2:40 | Crear | Scout Cavalry |
| 2:41 | Crear | Scout Cavalry |
| 2:44 | Crear | Scout Cavalry |
| 2:52 | Crear | Villager (Male) |
| 3:19 | Crear | Scout Cavalry |
| 3:19 | Crear | Scout Cavalry |
| 3:21 | Crear | Villager (Male) |
| 3:34 | Construir | House |
| 3:53 | Construir | Farm |
| 4:00 | Crear | Scout Cavalry |
| 4:00 | Crear | Scout Cavalry |
| 4:18 | Construir | House |
| 4:19 | Construir | House |
| 4:20 | Construir | House |
| 4:31 | Crear | Scout Cavalry |
| 4:31 | Crear | Scout Cavalry |
| 4:32 | Investigar | Bloodlines |
| 5:02 | Construir | Farm |
| 5:11 | Construir | Farm |
| 5:12 | Construir | Farm |
| 5:13 | Construir | Farm |
| 5:13 | Construir | Farm |
| 5:14 | Construir | Farm |
| 5:15 | Construir | Farm |
| 5:16 | Construir | Farm |
| 5:32 | Crear | Scout Cavalry |
| 5:32 | Crear | Scout Cavalry |
| 5:38 | Crear | Scout Cavalry |
| 5:50 | Construir | Farm |
| 5:59 | Construir | Palisade Gate |
| 6:52 | Construir | Farm |
| 6:58 | Construir | Market |
| 7:30 | Crear | Scout Cavalry |
| 7:31 | Crear | Scout Cavalry |
| 7:57 | Crear | Scout Cavalry |
| 7:57 | Crear | Scout Cavalry |
| 8:20 | Construir | Palisade Gate |
| 8:28 | Construir | Mill |
| 9:24 | Construir | Watch Tower |
| 9:27 | Construir | House |
| 9:37 | Crear | Scout Cavalry |
| 9:37 | Crear | Scout Cavalry |
| 9:38 | Crear | Scout Cavalry |
| 9:38 | Crear | Scout Cavalry |
| 9:47 | Crear | Scout Cavalry |
| 9:47 | Crear | Scout Cavalry |
| 9:57 | Crear | Villager (Male) |
| 10:30 | Crear | Scout Cavalry |
| 10:30 | Crear | Scout Cavalry |
| 10:38 | Crear | Scout Cavalry |
| 10:48 | Construir | Farm |
| 10:49 | Construir | Farm |
| 11:03 | Investigar | Fletching |
| 11:11 | Investigar | Double-Bit Axe |
| 11:15 | Investigar | Horse Collar |
| 11:20 | Crear | Scout Cavalry |
| 11:21 | Crear | Scout Cavalry |
| 12:39 | Investigar | Castle Age |
| 13:03 | Crear | Villager (Male) |
| 13:19 | Construir | Mining Camp |
| 13:27 | Crear | Scout Cavalry |
| 13:28 | Crear | Scout Cavalry |
| 13:29 | Crear | Villager (Male) |
| 13:42 | Construir | Lumber Camp |
| 13:55 | Construir | Farm |
| 14:01 | Crear | Scout Cavalry |
| 14:01 | Crear | Scout Cavalry |
| 14:31 | Construir | Building 490 |
| 14:48 | Crear | Villager (Male) |
| 14:50 | Construir | Farm |
| 15:03 | Construir | House |
| 15:08 | Construir | House |
| 15:19 | Edad | Edad de los Castillos |
| 15:41 | Construir | House |
| 15:58 | Investigar | Wheelbarrow |
| 16:12 | Construir | Palisade Wall |
Build order — SolomonKane
138 acciones detectadas en el replay
| 0:03 | Crear | Villager (Male) |
| 0:04 | Crear | Villager (Male) |
| 0:04 | Crear | Villager (Male) |
| 0:17 | Construir | Archery Range |
| 0:26 | Construir | House |
| 0:44 | Investigar | Fletching |
| 1:02 | Construir | Watch Tower |
| 1:10 | Construir | Archery Range |
| 1:18 | Crear | Villager (Male) |
| 1:19 | Crear | Archer |
| 1:22 | Crear | Villager (Male) |
| 1:36 | Crear | Archer |
| 1:50 | Construir | Farm |
| 1:58 | Crear | Archer |
| 2:04 | Investigar | Padded Archer Armor |
| 2:15 | Crear | Villager (Male) |
| 2:17 | Crear | Archer |
| 2:25 | Crear | Spearman |
| 2:30 | Construir | House |
| 2:35 | Construir | House |
| 2:41 | Crear | Villager (Male) |
| 2:45 | Construir | Farm |
| 2:49 | Construir | Farm |
| 3:00 | Crear | Archer |
| 3:00 | Crear | Archer |
| 3:15 | Construir | House |
| 3:22 | Crear | Villager (Male) |
| 3:42 | Crear | Villager (Male) |
| 3:52 | Crear | Archer |
| 3:52 | Crear | Archer |
| 3:54 | Crear | Villager (Male) |
| 3:58 | Construir | Farm |
| 4:02 | Construir | Farm |
| 4:04 | Construir | Farm |
| 4:09 | Construir | House |
| 4:23 | Crear | Skirmisher |
| 4:23 | Crear | Skirmisher |
| 4:48 | Crear | Eagle Scout |
| 4:48 | Crear | Eagle Scout |
| 4:59 | Construir | Farm |
| 5:03 | Construir | Archery Range |
| 5:06 | Construir | House |
| 5:24 | Crear | Archer |
| 5:25 | Crear | Archer |
| 6:10 | Construir | Farm |
| 6:11 | Investigar | Castle Age |
| 6:11 | Investigar | Castle Age |
| 6:17 | Crear | Skirmisher |
| 6:18 | Crear | Skirmisher |
| 6:19 | Crear | Skirmisher |
| 7:07 | Investigar | Gold Mining |
| 7:08 | Crear | Archer |
| 7:08 | Crear | Archer |
| 7:09 | Crear | Archer |
| 7:09 | Crear | Skirmisher |
| 7:10 | Crear | Skirmisher |
| 7:10 | Crear | Skirmisher |
| 7:10 | Crear | Skirmisher |
| 7:10 | Crear | Skirmisher |
| 8:15 | Crear | Eagle Scout |
| 8:16 | Crear | Eagle Scout |
| 8:16 | Crear | Eagle Scout |
| 8:16 | Crear | Eagle Scout |
| 8:24 | Construir | Market |
| 8:37 | Crear | Villager (Male) |
| 8:51 | Edad | Edad de los Castillos |
| 8:59 | Investigar | Crossbowman (upgrade) |
| 9:18 | Crear | Villager (Male) |
| 9:18 | Crear | Villager (Male) |
| 9:36 | Construir | Town Center |
| 10:01 | Crear | Villager (Male) |
| 10:06 | Crear | Spearman |
| 10:07 | Crear | Spearman |
| 10:13 | Crear | Villager (Male) |
| 10:35 | Crear | Villager (Male) |
| 10:38 | Crear | Villager (Male) |
| 10:39 | Crear | Villager (Male) |
| 10:55 | Construir | Farm |
| 10:56 | Construir | Farm |
| 10:56 | Construir | Farm |
| 10:57 | Construir | Farm |
| 10:57 | Construir | Farm |
| 10:57 | Construir | Farm |
| 10:58 | Construir | Farm |
| 10:58 | Construir | Farm |
| 11:15 | Crear | Villager (Male) |
| 11:17 | Crear | Villager (Male) |
| 11:34 | Construir | House |
| 11:35 | Construir | House |
| 11:35 | Construir | House |
| 12:41 | Crear | Villager (Male) |
| 12:42 | Crear | Villager (Male) |
| 12:48 | Crear | Archer |
| 12:48 | Crear | Archer |
| 12:48 | Crear | Archer |
| 12:49 | Crear | Archer |
| 12:53 | Construir | Siege Workshop |
| 12:59 | Construir | House |
| 13:00 | Crear | Villager (Male) |
| 13:02 | Crear | Villager (Male) |
| 13:03 | Crear | Villager (Male) |
| 13:08 | Investigar | Double-Bit Axe |
| 13:11 | Crear | Archer |
| 13:12 | Crear | Archer |
| 13:12 | Crear | Archer |
| 13:12 | Crear | Archer |
| 13:13 | Crear | Archer |
| 13:13 | Crear | Archer |
| 13:34 | Investigar | Wheelbarrow |
| 13:38 | Crear | Villager (Male) |
| 13:38 | Crear | Villager (Male) |
| 13:43 | Crear | Scorpion |
| 13:43 | Crear | Scorpion |
| 13:44 | Crear | Scorpion |
| 13:55 | Crear | Villager (Male) |
| 13:57 | Crear | Archer |
| 13:57 | Crear | Archer |
| 13:58 | Crear | Archer |
| 13:58 | Crear | Archer |
| 13:59 | Crear | Archer |
| 14:01 | Crear | Villager (Male) |
| 14:26 | Construir | Mining Camp |
| 14:29 | Crear | Villager (Male) |
| 14:35 | Crear | Villager (Male) |
| 14:42 | Crear | Villager (Male) |
| 14:57 | Crear | Scorpion |
| 15:06 | Investigar | Leather Archer Armor |
| 15:12 | Crear | Archer |
| 15:12 | Crear | Archer |
| 15:13 | Crear | Archer |
| 15:13 | Crear | Archer |
| 15:14 | Crear | Archer |
| 15:14 | Crear | Archer |
| 15:42 | Crear | Villager (Male) |
| 15:54 | Investigar | Bow Saw |
| 15:54 | Crear | Villager (Male) |
| 15:55 | Crear | Villager (Male) |
| 16:35 | Construir | University |
Build order — AVJack
141 acciones detectadas en el replay
| 0:00 | Crear | Villager (Male) |
| 0:06 | Construir | Archery Range |
| 0:19 | Crear | Villager (Male) |
| 0:33 | Crear | Villager (Male) |
| 0:37 | Crear | Archer |
| 0:52 | Construir | House |
| 0:59 | Crear | Villager (Male) |
| 1:00 | Investigar | Fletching |
| 1:21 | Construir | Archery Range |
| 1:27 | Construir | House |
| 1:31 | Construir | House |
| 1:33 | Crear | Archer |
| 1:34 | Crear | Villager (Male) |
| 1:47 | Investigar | Padded Archer Armor |
| 1:59 | Crear | Archer |
| 2:08 | Construir | House |
| 2:09 | Crear | Archer |
| 2:12 | Crear | Villager (Male) |
| 2:31 | Construir | Building 796 |
| 2:37 | Crear | Villager (Male) |
| 2:40 | Crear | Archer |
| 2:51 | Crear | Archer |
| 2:53 | Crear | Villager (Male) |
| 3:04 | Investigar | Double-Bit Axe |
| 3:08 | Crear | Archer |
| 3:13 | Construir | House |
| 3:14 | Construir | House |
| 3:16 | Construir | House |
| 3:17 | Crear | Archer |
| 3:25 | Crear | Villager (Male) |
| 3:41 | Crear | Villager (Male) |
| 3:55 | Crear | Archer |
| 3:55 | Crear | Archer |
| 3:56 | Crear | Villager (Male) |
| 3:56 | Crear | Spearman |
| 4:14 | Crear | Spearman |
| 4:14 | Crear | Spearman |
| 4:16 | Crear | Archer |
| 4:17 | Crear | Archer |
| 4:32 | Crear | Spearman |
| 4:36 | Crear | Archer |
| 4:36 | Crear | Archer |
| 4:37 | Crear | Villager (Male) |
| 4:56 | Crear | Archer |
| 4:56 | Crear | Archer |
| 4:56 | Crear | Villager (Male) |
| 4:57 | Crear | Spearman |
| 5:01 | Construir | House |
| 5:32 | Construir | Mill |
| 5:34 | Crear | Villager (Male) |
| 5:42 | Crear | Archer |
| 5:42 | Crear | Archer |
| 5:46 | Construir | Palisade Gate |
| 5:47 | Construir | House |
| 5:48 | Construir | House |
| 5:59 | Construir | Mill |
| 6:02 | Crear | Spearman |
| 6:04 | Crear | Villager (Male) |
| 6:29 | Crear | Archer |
| 6:29 | Crear | Archer |
| 6:29 | Crear | Spearman |
| 6:35 | Crear | Villager (Male) |
| 6:52 | Crear | Villager (Male) |
| 7:03 | Crear | Villager (Male) |
| 7:04 | Crear | Archer |
| 7:04 | Crear | Archer |
| 7:06 | Crear | Spearman |
| 7:21 | Crear | Spearman |
| 7:50 | Construir | House |
| 7:50 | Crear | Archer |
| 7:50 | Crear | Archer |
| 7:51 | Crear | Villager (Male) |
| 8:24 | Construir | House |
| 8:25 | Crear | Archer |
| 8:25 | Crear | Archer |
| 8:25 | Crear | Villager (Male) |
| 9:13 | Construir | Farm |
| 9:20 | Crear | Archer |
| 9:20 | Crear | Archer |
| 9:39 | Crear | Spearman |
| 10:03 | Investigar | Castle Age |
| 10:12 | Investigar | Gold Mining |
| 10:39 | Crear | Spearman |
| 10:39 | Crear | Archer |
| 10:40 | Crear | Archer |
| 11:03 | Construir | Lumber Camp |
| 11:09 | Crear | Spearman |
| 11:11 | Crear | Archer |
| 11:12 | Crear | Archer |
| 12:43 | Edad | Edad de los Castillos |
| 12:45 | Investigar | Crossbowman (upgrade) |
| 12:46 | Crear | Archer |
| 12:46 | Crear | Archer |
| 12:46 | Crear | Villager (Male) |
| 12:47 | Investigar | Bodkin Arrow |
| 12:49 | Investigar | Leather Archer Armor |
| 12:56 | Construir | Town Center |
| 13:07 | Investigar | Bow Saw |
| 13:12 | Investigar | Horse Collar |
| 13:25 | Crear | Spearman |
| 13:26 | Crear | Archer |
| 13:26 | Crear | Archer |
| 13:30 | Crear | Villager (Male) |
| 13:44 | Crear | Archer |
| 13:49 | Construir | Mill |
| 13:56 | Crear | Archer |
| 13:56 | Crear | Archer |
| 13:57 | Crear | Villager (Male) |
| 14:17 | Crear | Villager (Male) |
| 14:19 | Crear | Archer |
| 14:20 | Crear | Archer |
| 14:23 | Construir | Archery Range |
| 14:35 | Crear | Villager (Male) |
| 14:56 | Crear | Archer |
| 14:56 | Crear | Archer |
| 14:56 | Crear | Archer |
| 15:11 | Crear | Spearman |
| 15:11 | Crear | Spearman |
| 15:13 | Crear | Archer |
| 15:14 | Crear | Archer |
| 15:14 | Crear | Archer |
| 15:30 | Construir | Lumber Camp |
| 15:37 | Crear | Archer |
| 15:38 | Crear | Archer |
| 15:38 | Crear | Archer |
| 15:40 | Crear | Villager (Male) |
| 16:04 | Crear | Archer |
| 16:04 | Crear | Archer |
| 16:04 | Crear | Archer |
| 16:36 | Crear | Villager (Male) |
| 16:41 | Construir | Farm |
| 16:41 | Construir | Farm |
| 16:41 | Construir | Farm |
| 16:42 | Construir | Farm |
| 16:42 | Construir | Farm |
| 16:42 | Construir | Farm |
| 16:42 | Construir | Farm |
| 16:43 | Construir | Farm |
| 16:43 | Construir | Farm |
| 16:43 | Construir | Farm |
| 16:44 | Investigar | Heavy Plow |
Build order — eptp95
65 acciones detectadas en el replay
| 0:12 | Crear | Villager (Male) ×4 |
| 0:51 | Construir | House |
| 0:53 | Construir | House |
| 0:55 | Construir | House |
| 0:57 | Construir | House |
| 0:59 | Construir | House |
| 1:00 | Construir | House |
| 1:09 | Construir | Farm |
| 1:20 | Crear | Villager (Male) |
| 1:44 | Construir | Archery Range |
| 1:49 | Investigar | Man-at-Arms (upgrade) |
| 1:50 | Crear | Spearman ×5 |
| 1:58 | Construir | Farm |
| 2:26 | Construir | Archery Range |
| 2:41 | Crear | Villager (Male) |
| 2:42 | Crear | Villager (Male) |
| 2:48 | Construir | Farm |
| 3:06 | Crear | Archer |
| 3:07 | Crear | Archer |
| 3:08 | Crear | Archer |
| 3:22 | Construir | Farm |
| 3:50 | Crear | Archer ×5 |
| 4:00 | Construir | Watch Tower |
| 4:08 | Crear | Skirmisher ×5 |
| 4:49 | Crear | Archer |
| 4:50 | Crear | Skirmisher ×5 |
| 6:02 | Crear | Militia ×4 |
| 6:06 | Construir | Farm |
| 6:25 | Construir | Market |
| 6:42 | Crear | Militia |
| 6:50 | Crear | Villager (Male) ×5 |
| 7:01 | Construir | Mining Camp |
| 7:25 | Construir | Farm |
| 7:46 | Construir | Farm |
| 8:28 | Construir | Watch Tower |
| 8:43 | Crear | Skirmisher ×5 |
| 8:57 | Crear | Villager (Male) ×5 |
| 9:54 | Construir | House |
| 9:55 | Construir | House |
| 9:56 | Construir | House |
| 9:58 | Construir | House |
| 10:24 | Crear | Archer |
| 10:33 | Investigar | Castle Age |
| 10:39 | Crear | Archer |
| 10:40 | Crear | Archer |
| 10:41 | Crear | Skirmisher ×3 |
| 10:42 | Crear | Skirmisher ×3 |
| 11:28 | Construir | House |
| 11:29 | Construir | House |
| 11:31 | Construir | House |
| 11:32 | Construir | House |
| 11:35 | Construir | House |
| 11:37 | Construir | House |
| 11:41 | Construir | House |
| 11:54 | Crear | Spearman ×5 |
| 12:22 | Crear | Skirmisher ×5 |
| 13:17 | Edad | Edad de los Castillos |
| 13:34 | Crear | Villager (Male) ×5 |
| 13:55 | Construir | Mining Camp |
| 14:04 | Construir | Monastery |
| 14:46 | Construir | Market |
| 14:54 | Construir | Castle |
| 15:08 | Crear | Monk |
| 15:08 | Crear | Monk |
| 15:54 | Construir | Town Center |
Cronología de la partida
| 0:06 | AVJack · first_building Archery Range |
| 0:17 | SolomonKane · first_building Archery Range |
| 1:04 | Canek · first_building Stable |
| 1:07 | Canek · wall_segment Palisade Wall x1 |
| 1:14 | Canek · wall_segment Palisade Wall x1 |
| 1:44 | eptp95 · first_building Archery Range |
| 8:51 | SolomonKane · age_up castle |
| 9:30 | SolomonKane · first_market_sell 100 wood |
| 9:32 | SolomonKane · first_market_buy 100 stone |
| 10:47 | SolomonKane · tribute_sent a jugador 2 |
| 10:47 | SolomonKane · tribute_sent a jugador 3 |
| 10:47 | SolomonKane · tribute_sent a jugador 4 |
| 12:31 | Canek · first_market_sell 100 wood |
| 12:35 | Canek · first_market_buy 100 food |
| 12:43 | AVJack · age_up castle |
| 12:53 | SolomonKane · first_building Siege Workshop |
| 13:17 | eptp95 · age_up castle |
| 14:04 | eptp95 · first_building Monastery |
| 14:54 | eptp95 · first_building Castle |
| 15:19 | Canek · age_up castle |
| 16:12 | Canek · wall_segment Palisade Wall x1 |
| 16:24 | Canek · resign |
[ ANÁLISIS IA · 1 CRÉDITO ]
¿Qué pasó realmente en esta partida?
Wolo.gg analiza cada decisión: build order, eco, micro, errores típicos por bracket. Análisis personalizado por WhatsApp o Discord en 30 segundos.
Guía civ
Magiares
Guía mapa
Enclosed
Perfil
Canek